Map: Blackpink LE

Players

LiquidTLO (TLO) - Winner!

  • Race: Zerg Zerg
  • Spawn Location: 7:00

BlueCheese

  • Race: Terran Terran
  • Spawn Location: 1:00

Event: WCS Leipzig 2018

VOD

Have the link to the VOD?

Description

Time

  • Played on: Jan. 26, 2018, 7:54 a.m.
  • Length: 6:14

All games in this series

Show
View Real Time Build Order
Export as new Build Order

LiquidTLO Zerg - Winner!

Build Orders: Pool First 

Get SALT Encoding   

  12  0:01  Drone  
  13  0:12  Overlord  
  13  0:17  Drone  
  14  0:31  Drone x2  
  16  0:40  Spawning Pool  
  15  0:45  Drone  
  15  0:48  Drone  
  17  0:58  Drone  
  18  1:13  Hatchery  
  18  1:16  Drone  
  18  1:18  Extractor  
  17  1:27  Zergling x2  
  17  1:28  Zergling x2  
  17  1:32  Queen  
  21  1:40  Overlord  
  21  1:50  Drone  
  23  2:01  Drone  
  23  2:12  Drone  
  24  2:19  Metabolic Boost  
  24  2:20  Queen  
  26  2:23  Zergling x2  
  26  2:25  Queen  
  26  2:26  Drone  
  30  2:35  Drone  
  31  2:37  Drone  
  32  2:44  Drone x2  
  32  2:45  Drone  
  32  2:47  Drone  
  32  2:49  Drone  
  35  3:01  Drone, Spore Crawler  
  36  3:08  Hatchery  
  36  3:09  Overlord  
  35  3:26  Overlord  
  35  3:27  Drone  
  35  3:28  Drone x2  
  35  3:30  Drone  
  35  3:31  Queen  
  35  3:33  Zergling x4  
  35  3:34  Zergling x2  
  43  3:36  Drone  
  44  3:42  Overlord  
  44  3:47  Drone  
  44  3:48  Drone  
  46  3:49  Drone  
  46  3:50  Drone  
  46  3:54  Drone  
  49  4:01  Baneling Nest  
  49  4:02  Zergling x4  
  50  4:04  Zergling x4  
  50  4:06  Drone  
  50  4:08  Drone  
  54  4:11  Drone  
  54  4:12  Drone  
  54  4:16  Drone  
  57  4:19  Drone  
  57  4:21  Drone  
  58  4:25  Drone  
  58  4:26  Queen  
  58  4:28  Drone  
  58  4:30  Spore Crawler  
  60  4:33  Drone  
  60  4:36  Spore Crawler  
  60  4:37  Spore Crawler  
  60  4:38  Drone  
  60  4:41  Overlord  
  60  4:46  Overlord  
  60  4:47  Evolution Chamber  
  60  4:49  Overlord  
  60  4:50  Evolution Chamber  
  58  4:54  Overlord  
  58  4:59  Drone x3  
  61  5:00  Zergling x2  
  61  5:02  Zergling x2  
  61  5:05  Zergling x10  
  68  5:11  Zergling x2  
  68  5:14  Zergling x2  
  70  5:15  Zergling x4  
  70  5:16  Zergling x2  
  70  5:17  Zergling x2  
  70  5:19  Extractor  
  73  5:22  Zergling x8  
  73  5:27  Zergling x2  
  78  5:29  Drone  
  79  5:36  Baneling x7  
  79  5:38  Baneling x4  
  79  5:39  Overlord  
  79  5:41  Drone  
  80  5:49  Drone  
  84  5:50  Drone x6  
  84  5:55  Zergling x2  
  84  5:56  Hatchery  
Show
View Real Time Build Order
Export as new Build Order

BlueCheese Terran 

Build Orders: Hellion Opening, Reaper Expand 

Get SALT Encoding   

  12  0:00  SCV  
  13  0:12  SCV  
  14  0:17  Supply Depot  
  14  0:25  SCV  
  15  0:39  SCV  
  15  0:40  Barracks  
  16  0:46  Refinery  
  16  0:51  SCV  
  17  1:03  SCV  
  18  1:15  SCV  
  19  1:28  Orbital Command, Reaper  
  20  1:40  Command Center  
  20  1:50  Supply Depot  
  20  1:54  SCV  
  21  1:59  Marine  
  22  2:06  SCV  
  23  2:14  Factory  
  23  2:15  Refinery  
  23  2:18  SCV  
  23  2:22  Barracks Reactor  
  24  2:30  SCV  
  25  2:42  SCV  
  23  2:54  SCV  
  24  3:01  Orbital Command  
  24  3:05  Starport  
  24  3:06  SCV  
  24  3:09  Hellion x2  
  29  3:15  Barracks Tech Lab  
  29  3:18  SCV  
  30  3:30  Hellion x2, SCV  
  30  3:31  SCV  
  35  3:43  SCV x2  
  37  3:51  Supply Depot, Viking  
  37  3:52  Hellion x2  
  37  3:55  SCV  
  44  3:58  SCV  
  44  4:00  Supply Depot  
  45  4:22  SCV x2  
  43  4:28  Liberator  
  46  4:34  SCV x2  
  44  4:40  Command Center  
  44  4:46  Supply Depot, Barracks Tech Lab  
  44  4:47  Barracks  
  44  4:48  Factory Reactor, Barracks  
  44  4:49  SCV  
  44  4:50  SCV  
  49  5:01  SCV  
  49  5:02  SCV  
  45  5:11  Marine  
  45  5:12  Engineering Bay x2  
  45  5:13  SCV  
  45  5:15  SCV  
  46  5:25  SCV  
  46  5:27  SCV  
  48  5:29  Marine  
  48  5:35  Marine x2  
  51  5:37  SCV  
  51  5:39  SCV, Refinery x2  
  51  5:42  Marine x2  
  54  5:46  Marine  
  54  5:49  SCV  
  57  5:51  SCV  
  57  5:53  Marine x2  
  60  6:01  SCV  
Tags
 
Add a new tag
Caveats
  • Supply blocks, unpowered buildings, or Contaminate may cause inaccurate times.
  • Supply counts are checked every 10 seconds.